[ AOE2 MATCH · #504966644 ]
UnrankedPersians vs Franks
Player's team · WIN
Rival team · LOSS
[ REPLAY ANALYSIS · EXTRACTED FROM THE RECORDED GAME ]
Feudal
9:37
Castle
20:21
Imperial
—
| APM avg | 82.4 |
| APM peak | 128 |
| eAPM avg | 32.7 |
| Villagers / military | 142 / 68 |
Focus
⚔️ 28.6% · 🌾 71.4%
Knight ×25 · Archer ×23 · Camel Scout ×7 · Scout Cavalry ×4 · Monk ×3 · Militia ×3
Feudal
8:51
Castle
21:06
Imperial
—
| APM avg | 60.0 |
| APM peak | 93 |
| eAPM avg | 28.4 |
| Villagers / military | 96 / 50 |
Focus
⚔️ 44.0% · 🌾 56.0%
Archer ×24 · Skirmisher ×13 · Knight ×5 · Monk ×3 · Scout Cavalry ×3 · Spearman ×2
Match map
Initial resources + every placement click. Lines = walls · curves = elevation contours. ◆ gold · ⬟ stone · ● berries · ✦ relic · ◌ wall gap
Your base· Open — 4t gap
CNZS_情场浪子's base· Open — unwalled flank
Smoothed initial terrain · ◌ = detected wall gap · hover for details
Inputs per minute
— jsemosoom - - CNZS_情场浪子
Build order — jsemosoom
First 150 of 375 actions detected
| 0:00 | Create | Villager (Male) |
| 0:01 | Create | Villager (Male) |
| 0:01 | Create | Villager (Male) |
| 0:02 | Build | House |
| 0:03 | Build | House |
| 0:21 | Create | Villager (Male) |
| 0:21 | Create | Villager (Male) |
| 1:22 | Create | Villager (Male) |
| 1:50 | Build | Lumber Camp |
| 1:59 | Create | Villager (Male) |
| 1:59 | Create | Villager (Male) |
| 2:18 | Create | Villager (Male) |
| 2:18 | Create | Villager (Male) |
| 2:39 | Create | Villager (Male) |
| 3:29 | Create | Villager (Male) |
| 3:29 | Create | Villager (Male) |
| 3:33 | Create | Villager (Male) |
| 3:33 | Create | Villager (Male) |
| 3:35 | Build | House |
| 4:15 | Create | Villager (Male) |
| 4:16 | Create | Villager (Male) |
| 4:34 | Build | Barracks |
| 4:36 | Create | Villager (Male) |
| 5:00 | Build | House |
| 5:17 | Create | Villager (Male) |
| 5:18 | Create | Villager (Male) |
| 5:35 | Build | House |
| 5:37 | Create | Militia |
| 5:37 | Create | Militia |
| 5:58 | Create | Militia |
| 6:14 | Create | Villager (Male) |
| 6:36 | Create | Villager (Male) |
| 6:37 | Build | Mill |
| 7:03 | Research | Loom |
| 7:33 | Research | Feudal Age |
| 7:33 | Research | Feudal Age |
| 7:44 | Build | Mining Camp |
| 9:06 | Build | Farm |
| 9:14 | Build | Farm |
| 9:17 | Create | Villager (Male) |
| 9:28 | Build | House |
| 9:37 | Age | Feudal Age |
| 9:41 | Research | Man-at-Arms (upgrade) |
| 9:50 | Build | Archery Range |
| 9:54 | Create | Villager (Male) |
| 9:59 | Research | Double-Bit Axe |
| 10:00 | Create | Spearman |
| 10:06 | Build | House |
| 10:09 | Create | Villager (Male) |
| 10:10 | Build | Palisade Wall |
| 10:36 | Create | Villager (Male) |
| 10:52 | Create | Archer |
| 10:52 | Create | Spearman |
| 10:58 | Build | Palisade Wall |
| 10:59 | Build | Palisade Wall |
| 11:09 | Create | Villager (Male) |
| 11:09 | Create | Villager (Male) |
| 11:10 | Build | Farm |
| 11:12 | Build | Farm |
| 11:15 | Build | Farm |
| 11:25 | Create | Archer |
| 11:29 | Build | Palisade Gate |
| 11:31 | Build | Palisade Wall |
| 11:38 | Create | Villager (Male) |
| 11:38 | Create | Villager (Male) |
| 11:54 | Build | Farm |
| 11:57 | Create | Villager (Male) |
| 11:58 | Create | Villager (Male) |
| 12:07 | Build | Palisade Wall |
| 12:19 | Create | Villager (Male) |
| 12:24 | Create | Archer |
| 12:29 | Build | Farm |
| 12:31 | Create | Villager (Male) |
| 12:34 | Build | Palisade Wall |
| 12:41 | Create | Spearman |
| 12:43 | Create | Villager (Male) |
| 13:00 | Create | Villager (Male) |
| 13:01 | Build | Farm |
| 13:03 | Create | Archer |
| 13:11 | Build | House |
| 13:13 | Create | Villager (Male) |
| 13:13 | Create | Villager (Male) |
| 13:30 | Create | Villager (Male) |
| 13:32 | Build | Farm |
| 14:06 | Create | Villager (Male) |
| 14:08 | Build | Farm |
| 14:10 | Build | Farm |
| 14:14 | Build | Farm |
| 14:17 | Build | House |
| 14:19 | Create | Archer |
| 14:35 | Create | Villager (Male) |
| 14:47 | Create | Villager (Male) |
| 14:49 | Build | Blacksmith |
| 14:58 | Create | Archer |
| 15:09 | Build | House |
| 15:10 | Create | Villager (Male) |
| 15:14 | Build | Farm |
| 15:15 | Create | Archer |
| 15:28 | Build | Farm |
| 15:35 | Research | Fletching |
| 15:35 | Research | Fletching |
| 15:39 | Create | Archer |
| 15:42 | Create | Villager (Male) |
| 15:44 | Build | Farm |
| 15:52 | Build | House |
| 15:59 | Create | Villager (Male) |
| 16:00 | Build | Farm |
| 16:01 | Create | Archer |
| 16:18 | Research | Horse Collar |
| 16:22 | Create | Villager (Male) |
| 16:27 | Create | Archer |
| 16:30 | Build | Farm |
| 16:31 | Build | Farm |
| 16:37 | Build | Farm |
| 16:56 | Create | Villager (Male) |
| 17:20 | Create | Villager (Male) |
| 17:23 | Build | Stable |
| 17:32 | Create | Archer |
| 17:39 | Build | House |
| 17:40 | Build | House |
| 17:42 | Build | House |
| 17:43 | Build | House |
| 17:56 | Research | Castle Age |
| 17:56 | Research | Castle Age |
| 18:15 | Create | Scout Cavalry |
| 18:20 | Research | Horse Collar |
| 18:20 | Research | Horse Collar |
| 18:26 | Create | Archer |
| 18:31 | Create | Villager (Male) |
| 18:50 | Research | Scale Barding Armor |
| 18:50 | Research | Scale Barding Armor |
| 18:52 | Create | Archer |
| 19:00 | Create | Scout Cavalry |
| 19:08 | Build | Farm |
| 19:10 | Create | Villager (Male) |
| 19:13 | Build | Lumber Camp |
| 19:17 | Build | Lumber Camp |
| 19:18 | Create | Archer |
| 19:25 | Create | Scout Cavalry |
| 19:30 | Build | Farm |
| 19:43 | Create | Scout Cavalry |
| 19:46 | Create | Archer |
| 20:21 | Age | Castle Age |
| 20:27 | Research | Crossbowman (upgrade) |
| 20:34 | Research | Bodkin Arrow |
| 20:34 | Research | Bodkin Arrow |
| 20:43 | Create | Villager (Male) |
| 20:45 | Create | Archer |
| 21:03 | Create | Villager (Male) |
| 21:20 | Create | Villager (Male) |
Build order — CNZS_情场浪子
First 150 of 262 actions detected
| 0:01 | Create | Villager (Male) |
| 0:01 | Create | Villager (Male) |
| 0:01 | Create | Villager (Male) |
| 0:03 | Build | House |
| 0:05 | Build | House |
| 0:17 | Create | Villager (Male) |
| 1:30 | Create | Villager (Male) |
| 1:30 | Create | Villager (Male) |
| 1:56 | Build | Lumber Camp |
| 1:59 | Create | Villager (Male) |
| 2:25 | Create | Villager (Male) |
| 2:41 | Create | Villager (Male) |
| 2:41 | Create | Villager (Male) |
| 3:06 | Create | Villager (Male) |
| 3:06 | Create | Villager (Male) |
| 3:36 | Create | Villager (Male) |
| 3:54 | Build | House |
| 3:57 | Create | Villager (Male) |
| 4:21 | Create | Villager (Male) |
| 4:32 | Build | Mill |
| 4:40 | Create | Villager (Male) |
| 5:19 | Create | Villager (Male) |
| 5:41 | Create | Villager (Male) |
| 5:44 | Research | Loom |
| 5:44 | Research | Loom |
| 6:40 | Research | Feudal Age |
| 7:02 | Build | House |
| 7:10 | Create | Villager (Male) |
| 7:24 | Build | Palisade Wall |
| 7:26 | Build | Palisade Wall |
| 7:31 | Build | Palisade Wall |
| 7:32 | Build | Palisade Wall |
| 7:34 | Build | Palisade Wall |
| 7:41 | Build | Barracks |
| 8:51 | Age | Feudal Age |
| 8:52 | Build | Stable |
| 8:54 | Build | House |
| 8:57 | Research | Double-Bit Axe |
| 9:00 | Create | Villager (Male) |
| 9:06 | Build | Farm |
| 9:21 | Create | Villager (Male) |
| 9:26 | Build | Farm |
| 9:33 | Create | Scout Cavalry |
| 9:41 | Build | Farm |
| 9:44 | Create | Villager (Male) |
| 9:49 | Build | House |
| 10:01 | Create | Scout Cavalry |
| 10:03 | Create | Spearman |
| 10:23 | Create | Villager (Male) |
| 10:34 | Create | Villager (Male) |
| 10:55 | Build | Farm |
| 11:11 | Build | Farm |
| 11:11 | Create | Villager (Male) |
| 11:29 | Build | Archery Range |
| 11:35 | Create | Villager (Male) |
| 11:48 | Build | Farm |
| 11:52 | Build | Farm |
| 12:00 | Build | House |
| 12:03 | Create | Villager (Male) |
| 12:14 | Create | Skirmisher |
| 12:24 | Create | Villager (Male) |
| 12:35 | Build | Lumber Camp |
| 12:40 | Build | Palisade Wall |
| 12:43 | Create | Skirmisher |
| 12:51 | Create | Villager (Male) |
| 12:55 | Build | Palisade Wall |
| 13:01 | Create | Villager (Male) |
| 13:09 | Create | Skirmisher |
| 13:18 | Build | Farm |
| 13:19 | Build | Farm |
| 13:22 | Create | Villager (Male) |
| 13:36 | Create | Skirmisher |
| 13:41 | Create | Villager (Male) |
| 13:42 | Build | Farm |
| 13:45 | Build | Farm |
| 14:11 | Build | Mining Camp |
| 14:19 | Create | Skirmisher |
| 14:25 | Build | House |
| 14:35 | Create | Villager (Male) |
| 14:46 | Build | Palisade Wall |
| 14:56 | Create | Villager (Male) |
| 15:08 | Build | Blacksmith |
| 15:12 | Build | Palisade Wall |
| 15:17 | Build | Farm |
| 15:18 | Create | Villager (Male) |
| 15:22 | Create | Skirmisher |
| 15:36 | Build | Farm |
| 15:37 | Create | Villager (Male) |
| 15:46 | Build | House |
| 15:56 | Create | Villager (Male) |
| 16:04 | Build | Farm |
| 16:29 | Build | Palisade Gate |
| 16:36 | Create | Villager (Male) |
| 16:52 | Research | Fletching |
| 16:53 | Create | Skirmisher |
| 16:56 | Build | House |
| 17:00 | Build | Market |
| 17:00 | Create | Villager (Male) |
| 17:12 | Build | Farm |
| 17:16 | Build | Palisade Gate |
| 17:26 | Build | Farm |
| 17:28 | Build | Farm |
| 17:31 | Create | Skirmisher |
| 17:32 | Create | Villager (Male) |
| 17:55 | Create | Villager (Male) |
| 17:57 | Build | Farm |
| 18:23 | Research | Castle Age |
| 18:34 | Build | House |
| 18:55 | Create | Skirmisher |
| 18:57 | Research | Padded Archer Armor |
| 18:59 | Build | House |
| 19:00 | Build | House |
| 19:12 | Research | Gold Mining |
| 19:23 | Create | Skirmisher |
| 19:26 | Create | Villager (Male) |
| 19:45 | Create | Scout Cavalry |
| 19:50 | Create | Spearman |
| 19:54 | Build | Farm |
| 19:56 | Research | Scale Barding Armor |
| 20:09 | Create | Skirmisher |
| 20:09 | Create | Skirmisher |
| 20:38 | Create | Skirmisher |
| 20:44 | Build | House |
| 21:06 | Age | Castle Age |
| 21:09 | Research | Bodkin Arrow |
| 21:10 | Create | Knight |
| 21:12 | Research | Elite Skirmisher (upgrade) |
| 21:13 | Research | Elite Skirmisher (upgrade) |
| 21:22 | Build | Town Center |
| 21:28 | Create | Villager (Male) |
| 21:34 | Create | Knight |
| 22:02 | Build | House |
| 22:02 | Create | Villager (Male) |
| 22:04 | Build | Town Center |
| 22:27 | Create | Villager (Male) |
| 22:31 | Build | House |
| 22:43 | Create | Villager (Male) |
| 22:51 | Create | Villager (Male) |
| 22:55 | Create | Villager (Male) |
| 23:03 | Create | Villager (Male) |
| 23:07 | Create | Villager (Male) |
| 23:09 | Create | Villager (Male) |
| 23:11 | Build | House |
| 23:18 | Research | Bow Saw |
| 23:22 | Create | Villager (Male) |
| 23:31 | Create | Villager (Male) |
| 23:52 | Create | Villager (Male) |
| 23:59 | Create | Villager (Male) |
| 24:07 | Create | Archer |
| 24:10 | Create | Villager (Male) |
Match timeline
| 4:34 | jsemosoom · first_building Barracks |
| 7:24 | CNZS_情场浪子 · wall_segment Palisade Wall x1 |
| 7:26 | CNZS_情场浪子 · wall_segment Palisade Wall x1 |
| 7:31 | CNZS_情场浪子 · wall_segment Palisade Wall x1 |
| 7:32 | CNZS_情场浪子 · wall_segment Palisade Wall x1 |
| 7:34 | CNZS_情场浪子 · wall_segment Palisade Wall x1 |
| 7:41 | CNZS_情场浪子 · first_building Barracks |
| 8:51 | CNZS_情场浪子 · age_up feudal |
| 8:52 | CNZS_情场浪子 · first_building Stable |
| 9:37 | jsemosoom · age_up feudal |
| 9:50 | jsemosoom · first_building Archery Range |
| 10:10 | jsemosoom · wall_segment Palisade Wall x3 |
| 10:58 | jsemosoom · wall_segment Palisade Wall x8 |
| 10:59 | jsemosoom · wall_segment Palisade Wall x1 |
| 11:29 | CNZS_情场浪子 · first_building Archery Range |
| 11:31 | jsemosoom · wall_segment Palisade Wall x5 |
| 12:07 | jsemosoom · wall_segment Palisade Wall x19 |
| 12:34 | jsemosoom · wall_segment Palisade Wall x6 |
| 12:40 | CNZS_情场浪子 · wall_segment Palisade Wall x3 |
| 12:55 | CNZS_情场浪子 · wall_segment Palisade Wall x11 |
| 14:46 | CNZS_情场浪子 · wall_segment Palisade Wall x22 |
| 15:12 | CNZS_情场浪子 · wall_segment Palisade Wall x4 |
| 17:23 | jsemosoom · first_building Stable |
| 20:21 | jsemosoom · age_up castle |
| 21:06 | CNZS_情场浪子 · age_up castle |
| 24:19 | CNZS_情场浪子 · first_building Monastery |
| 25:25 | jsemosoom · first_building Monastery |
| 27:59 | CNZS_情场浪子 · wall_segment Stone Wall x1 |
| 28:36 | jsemosoom · first_market_sell 100 wood |
| 28:37 | jsemosoom · first_market_buy 100 stone |
| 29:58 | CNZS_情场浪子 · wall_segment Stone Wall x9 |
| 30:34 | CNZS_情场浪子 · first_building Castle |
| 32:31 | CNZS_情场浪子 · resign |
[ AI ANALYSIS · 1 CREDIT ]
What really happened in this match?
Wolo.gg analyzes every decision: build order, eco, micro, common mistakes by bracket. Personalized analysis on WhatsApp or Discord in 30 seconds.
Civ guide
Persians
Perfil
Jugador #2388792